 Dungeon Crawl Stone Soup version 0.21.0-34-g9234887 (webtiles) character file.

588 tidbits the Charmwright (level 7, -1/56 HPs)
             Began as a Gnoll Skald on Jan 29, 2018.
             Slain by a black bear (7 damage)
             ... on level 6 of the Dungeon.
             The game lasted 00:11:04 (1117 turns).

tidbits the Charmwright (Gnoll Skald)               Turns: 1117, Time: 00:11:05

Health: -1/56      AC:  0    Str: 13    XL:     7   Next: 38%
Magic:  10/13      EV: 14    Int: 17    God:
Gold:   106        SH:  0    Dex: 15    Spells: 6/17 levels left

rFire    . . .     SeeInvis .   a - +0 hand axe (venom)
rCold    . . .     Gourm    .   (no shield)
rNeg     . . .     Faith    .   b - +0 leather armour
rPois    .         Spirit   .   (helmet restricted)
rElec    .         Reflect  .   (no cloak)
rCorr    .         Harm     .   (no gloves)
MR       .....                  (no boots)
Stlth    ++........             (no amulet)
HPRegen  0.18/turn              (no ring)
MPRegen  0.13/turn              (no ring)

@: corroded
A: distributed training, fangs 1, horns 1, low mp 1, strong nose
a: no special abilities


You were on level 6 of the Dungeon.
You were not hungry.

You visited 1 branch of the dungeon, and saw 6 of its levels.

You collected 106 gold pieces.

Inventory:

Hand Weapons
 a - a +0 hand axe of venom (weapon)
   (You found it on level 3 of the Dungeon)
 f - a +0 dagger
 l - a +0 hand axe
 r - a +2 quarterstaff of protection
   (You found it on level 5 of the Dungeon)
Missiles
 p - 26 bolts
 s - 10 tomahawks (quivered)
Armour
 b - a +0 leather armour (worn)
 e - a +0 ring mail
 j - a +0 shield
Wands
 d - a wand of digging (17)
Scrolls
 h - 3 scrolls of remove curse
 i - a scroll of magic mapping {unknown}
 k - a scroll of teleportation {unknown}
 m - 2 scrolls of identify {unknown}
 n - a scroll of blinking {unknown}
 u - a scroll of fear {unknown}
Potions
 g - a potion of haste
 o - a potion of resistance {unknown}
 t - a potion of mutation {!q}
Books
 c - a book of Battle

   Spells                             Type                      Level
   a - Infusion                       Charms                       1
   b - Shroud of Golubria             Charms/Translocation         2
   c - Song of Slaying                Charms                       2
   d - Spectral Weapon                Hexes/Charms                 3
   e - Regeneration                   Charms/Necromancy            3
Comestibles
 q - 5 rations


   Skills:
 + Level 5.2 Fighting
 + Level 2.4 Short Blades
 + Level 2.4 Long Blades
 + Level 5.2 Axes
 + Level 2.4 Maces & Flails
 + Level 2.4 Polearms
 + Level 2.4 Staves
 + Level 2.4 Slings
 + Level 2.4 Bows
 + Level 2.4 Crossbows
 + Level 2.4 Throwing
 + Level 3.5 Armour
 + Level 5.2 Dodging
 + Level 2.4 Stealth
 + Level 2.4 Shields
 + Level 2.4 Unarmed Combat
 + Level 5.6 Spellcasting
 + Level 2.0 Conjurations
 + Level 2.0 Hexes
 + Level 5.8 Charms
 + Level 2.0 Summonings
 + Level 2.0 Necromancy
 + Level 2.0 Translocations
 + Level 2.0 Transmutations
 + Level 2.0 Fire Magic
 + Level 2.0 Ice Magic
 + Level 2.0 Air Magic
 + Level 2.0 Earth Magic
 + Level 2.0 Poison Magic
 + Level 2.6 Invocations
 + Level 2.4 Evocations


You had 6 spell levels left.
You knew the following spells:

 Your Spells              Type           Power        Failure   Level  Hunger
g - Shroud of Golubria    Chrm/Tloc      ###.......   4%          2    #......
i - Infusion              Chrm           ###.         1%          1    None
r - Regeneration          Chrm/Necr      ###.......   10%         3    ##.....
w - Spectral Weapon       Hex/Chrm       ###.....     10%         3    ##.....
y - Song of Slaying       Chrm           ###.....     2%          2    #......


Dungeon Overview and Level Annotations

Branches:
Dungeon (6/15)
 Temple: D:4-7

Altars:
Dithmenos
Hepliaklqana

Annotations:
D:5 p0werm0de's ghost, amateur FoCK


Innate Abilities, Weirdness & Mutations

Your experience applies equally to all skills.
You have very sharp teeth.
Your uncanny sense of smell can sniff out nearby items.
You have a pair of small horns on your head.
Your magical capacity is low. (-10% MP)


Message History

You kill the gnoll!
The gnoll closely misses you.
You swap places.
The gnoll hits you with a spear.
You hit the gnoll.
You kill the gnoll!
Things that are here:
a spear; a gnoll corpse Your spectral weapon fades away.
You see here 2 tomahawks.
s - 2 tomahawks
Things that are here:
a halberd; 6 tomahawks
s - 8 tomahawks (gained 6)
You see here 2 tomahawks.
s - 10 tomahawks (gained 2)
Casting: Spectral Weapon
Confirm with . or Enter, or press ? or * to list all spells.
Your skin crawls.
You see here a scroll labeled VIZXUE PEICW.
u - a scroll labeled VIZXUE PEICW Your skin is crawling a little less now.
Found a flail.
Found a scroll labeled BYSUXECISA.
A jelly comes into view.
The jelly moves out of view.
Found a short sword.
A black bear and a giant cockroach come into view.
Your skin stops crawling.
The black bear growls angrily.
Found 12 gold pieces and a scroll of remove curse.
Casting: Regeneration
Confirm with . or Enter, or press ? or * to list all spells.
You draw out your weapon's spirit!
The jelly quivers.
The jelly barely misses you.
You hit the jelly. The acid corrodes you!
Your hands burn!
The jelly is lightly wounded.
Your spectral weapon hits the jelly but does no damage.
Your spectral weapon is burned by acid!
Your spectral weapon shares its damage with you!
The jelly closely misses you.
You hit the jelly but do no damage.
Your hands burn!
The jelly is lightly wounded.
Your spectral weapon hits the jelly!
Your spectral weapon is burned by acid!
The jelly hits your spectral weapon but does no damage.
You hit the jelly.
Your hands burn!
You bite the jelly, but do no damage.
The jelly is almost dead.
You barely miss the black bear.
Your spectral weapon hits the jelly!
You kill the jelly!
Your Conjurations skill increases to level 2!
Your Hexes skill increases to level 2!
Your Summonings skill increases to level 2!
Your Necromancy skill increases to level 2!
Your Translocations skill increases to level 2!
Your Transmutations skill increases to level 2!
Your Fire Magic skill increases to level 2!
Your Ice Magic skill increases to level 2!
Your Air Magic skill increases to level 2!
Your Earth Magic skill increases to level 2!
Your Poison Magic skill increases to level 2!
Your spectral weapon barely misses the black bear.
The black bear bites you. The black bear barely misses you.
The black bear claws you.
Casting: Spectral Weapon
Confirm with . or Enter, or press ? or * to list all spells.
Space distorts slightly along a thin shroud covering your body.
Your shroud bends the black bear's attack away.
The black bear claws you.
Your shroud falls apart!
The black bear misses you. The giant cockroach bites you.
Unknown command.
You hit the black bear but do no damage.
You hit the giant cockroach but do no damage.
The giant cockroach is poisoned.
Your spectral weapon hits the black bear!
The black bear is poisoned.
The black bear bites you!
* * * LOW HITPOINT WARNING * * *
The black bear closely misses you. The black bear claws you.
* * * LOW HITPOINT WARNING * * *
The giant cockroach misses you.
You hit the black bear.
The black bear looks as sick as possible!
The black bear is moderately wounded.
You hit the giant cockroach but do no damage.
The giant cockroach looks as sick as possible!
You kill the giant cockroach!
Your spectral weapon hits the black bear.
The black bear looks as sick as possible!
The black bear bites you.
* * * LOW HITPOINT WARNING * * *
The black bear claws you.
* * * LOW HITPOINT WARNING * * *
The black bear claws you.
* * * LOW HITPOINT WARNING * * *
It was a potion of mutation.
You feel extremely strange.
You feel less energetic. A pair of horns grows on your head!
The black bear bites you!
You die...

.....## #[#
###..)###.########
#.#...).........
##
#...###.######.#..
....... #.# #.#.#
#.##.#.##.# #.#.#
#. ###.##.# #...#
. #...# #..)# .
##..######@..####
#........h)?.....
#.#######(.######
#.# #..# ### #..#
#.$# ..?.∆ ∆ ∆
..... ....


You could see a black bear and a friendly spectral hand axe of venom.

Vanquished Creatures
  The ghost of p0werm0de the Skirmisher, an amateur FoCK of Xom (D:4)
  An ogre (D:4)
  A crimson imp (D:6)
  A jelly (D:6)
  2 orc wizards (D:4)
  2 worker ants (D:4)
  A howler monkey zombie (D:4)
  3 worker ant zombies (D:4)
  3 gnolls (D:6)
  6 adders
  A worm (D:3)
  2 dart slugs
  2 leopard geckos
  6 orcs (D:4)
  2 giant cockroaches
  9 goblins
  5 hobgoblins
  2 jackals
  5 kobolds
  A quokka (D:4)
  A ball python (D:1)
  6 bats
  5 frilled lizards
  2 leopard gecko skeletons (D:4)
  A leopard gecko zombie (D:4)
  A quokka zombie (D:4)
  3 rats (D:1)
75 creatures vanquished.

Vanquished Creatures (others)
  A spectral weapon (D:4)
1 creature vanquished.

Grand Total: 76 creatures vanquished

Notes
Turn   | Place    | Note
-------+----------+-------------------------------------------
     0 | D:1      | tidbits the Gnoll Skald began the quest for the Orb.
     0 | D:1      | Reached XP level 1. HP: 20/20 MP: 6/6
   149 | D:1      | Reached XP level 2. HP: 26/26 MP: 1/7
   244 | D:2      | Learned a level 2 spell: Song of Slaying
   247 | D:2      | Learned a level 2 spell: Shroud of Golubria
   260 | D:2      | Reached XP level 3. HP: 23/31 MP: 1/9
   273 | D:1      | Reached skill level 5 in Spellcasting
   278 | D:1      | Learned a level 3 spell: Regeneration
   282 | D:1      | Learned a level 3 spell: Spectral Weapon
   419 | D:2      | Reached skill level 1 in Invocations
   517 | D:3      | Reached skill level 1 in Short Blades
   517 | D:3      | Reached skill level 1 in Long Blades
   517 | D:3      | Reached skill level 1 in Maces & Flails
   517 | D:3      | Reached skill level 1 in Polearms
   517 | D:3      | Reached skill level 1 in Staves
   517 | D:3      | Reached skill level 1 in Slings
   517 | D:3      | Reached skill level 1 in Bows
   517 | D:3      | Reached skill level 1 in Crossbows
   517 | D:3      | Reached skill level 1 in Throwing
   517 | D:3      | Reached skill level 1 in Stealth
   517 | D:3      | Reached skill level 1 in Shields
   517 | D:3      | Reached skill level 1 in Unarmed Combat
   517 | D:3      | Reached skill level 1 in Evocations
   562 | D:3      | Reached XP level 4. HP: 25/38 MP: 2/11
   733 | D:4      | Reached skill level 1 in Conjurations
   733 | D:4      | Reached skill level 1 in Hexes
   733 | D:4      | Reached skill level 1 in Summonings
   733 | D:4      | Reached skill level 1 in Necromancy
   733 | D:4      | Reached skill level 1 in Translocations
   733 | D:4      | Reached skill level 1 in Transmutations
   733 | D:4      | Reached skill level 1 in Fire Magic
   733 | D:4      | Reached skill level 1 in Ice Magic
   733 | D:4      | Reached skill level 1 in Air Magic
   733 | D:4      | Reached skill level 1 in Earth Magic
   733 | D:4      | Reached skill level 1 in Poison Magic
   737 | D:4      | Noticed an ogre
   744 | D:4      | Killed an ogre
   744 | D:4      | Reached skill level 3 in Armour
   744 | D:4      | Reached XP level 5. HP: 28/43 MP: 4/12
   762 | D:5      | Entered Level 5 of the Dungeon
   783 | D:5      | Noticed p0werm0de's ghost (amateur FoCK)
   793 | D:6      | Reached XP level 6. HP: 39/50 MP: 5/13
   817 | D:4      | Reached skill level 2 in Invocations
   845 | D:4      | Reached skill level 5 in Fighting
   845 | D:4      | Reached skill level 5 in Axes
   845 | D:4      | Reached skill level 5 in Dodging
   849 | D:4      | Reached skill level 2 in Short Blades
   849 | D:4      | Reached skill level 2 in Long Blades
   849 | D:4      | Reached skill level 2 in Maces & Flails
   849 | D:4      | Reached skill level 2 in Polearms
   849 | D:4      | Reached skill level 2 in Staves
   849 | D:4      | Reached skill level 2 in Slings
   849 | D:4      | Reached skill level 2 in Bows
   849 | D:4      | Reached skill level 2 in Crossbows
   849 | D:4      | Reached skill level 2 in Throwing
   849 | D:4      | Reached skill level 2 in Stealth
   849 | D:4      | Reached skill level 2 in Shields
   849 | D:4      | Reached skill level 2 in Unarmed Combat
   849 | D:4      | Reached skill level 2 in Evocations
   856 | D:4      | Noticed p0werm0de's ghost (amateur FoCK)
   874 | D:4      | Killed p0werm0de's ghost
   874 | D:4      | Reached XP level 7. HP: 10/56 MP: 11/15
   936 | D:4      | Found a shadowy altar of Dithmenos.
  1031 | D:5      | Found a hazy altar of Hepliaklqana.
  1113 | D:6      | Reached skill level 2 in Conjurations
  1113 | D:6      | Reached skill level 2 in Hexes
  1113 | D:6      | Reached skill level 2 in Summonings
  1113 | D:6      | Reached skill level 2 in Necromancy
  1113 | D:6      | Reached skill level 2 in Translocations
  1113 | D:6      | Reached skill level 2 in Transmutations
  1113 | D:6      | Reached skill level 2 in Fire Magic
  1113 | D:6      | Reached skill level 2 in Ice Magic
  1113 | D:6      | Reached skill level 2 in Air Magic
  1113 | D:6      | Reached skill level 2 in Earth Magic
  1113 | D:6      | Reached skill level 2 in Poison Magic
  1117 | D:6      | Gained mutation: Your magical capacity is low. (-10% MP) [potion of mutation]
  1117 | D:6      | Gained mutation: You have a pair of small horns on your head. [potion of mutation]
  1117 | D:6      | Slain by a black bear

Skill      XL: |  1  2  3  4  5  6  7 |
---------------+----------------------+-----
Spellcasting   | 5 |  5.6
Invocations    | 1 2 |  2.6
Short Blades   | 1 2 |  2.4
Long Blades    | 1 2 |  2.4
Maces & Flails | 1 2 |  2.4
Polearms       | 1 2 |  2.4
Staves         | 1 2 |  2.4
Slings         | 1 2 |  2.4
Bows           | 1 2 |  2.4
Crossbows      | 1 2 |  2.4
Throwing       | 1 2 |  2.4
Stealth        | 1 2 |  2.4
Shields        | 1 2 |  2.4
Unarmed Combat | 1 2 |  2.4
Evocations     | 1 2 |  2.4
Conjurations   | 1 2 |  2.0
Hexes          | 1 2 |  2.0
Summonings     | 1 2 |  2.0
Necromancy     | 1 2 |  2.0
Translocations | 1 2 |  2.0
Transmutations | 1 2 |  2.0
Fire Magic     | 1 2 |  2.0
Ice Magic      | 1 2 |  2.0
Air Magic      | 1 2 |  2.0
Earth Magic    | 1 2 |  2.0
Poison Magic   | 1 2 |  2.0
Armour         | 3 |  3.5
Fighting       | 5 |  5.2
Axes           | 5 |  5.2
Dodging        | 5 |  5.2
Charms         | |  5.8

Action                   |  1- 3 |  4- 6 |  7- 9 || total
-------------------------+-------+-------+-------++-------
Melee: Hand axe          |    76 |    71 |    31 ||   178
       Bite              |     3 |     7 |     2 ||    12
       Punch             |       |     1 |     1 ||     2
Throw: Tomahawk          |       |       |    10 ||    10
 Cast: Infusion          |     6 |     1 |       ||     7
       Spectral Weapon   |     5 |     9 |     5 ||    19
       Regeneration      |     2 |     1 |     3 ||     6
       Shroud of Golubri |       |     2 |     2 ||     4
Evoke: Wand              |       |       |     2 ||     2
  Use: Potion            |       |     3 |     1 ||     4
       Scroll            |       |       |     1 ||     1
 Stab: Distracted        |       |     1 |       ||     1
       Sleeping          |       |     1 |       ||     1
  Eat: Chunk             |       |     2 |       ||     2
       Ration            |       |       |     1 ||     1
Armor: Leather armour    |    21 |    12 |     2 ||    35
Dodge: Dodged            |    61 |    46 |    22 ||   129

Table legend:
 A = Turns spent in this place as a percentage of turns spent in the entire game.
 B = Non-inter-level travel turns spent in this place as a percentage of non-inter-level travel turns spent in the entire game.
 C = Inter-level travel turns spent in this place as a percentage of turns spent in this place.
 D = Turns resting spent in this place as a percentage of non-inter-level travel turns spent in this place.
 E = Turns spent auto-exploring this place as a percentage of non-inter-level travel turns spent in this place.
 F = Non-inter-level travel turns spent in this place divided by the number of levels of this place that you've seen.
                   A       B       C       D       E      F
               +-------+-------+-------+-------+-------+----------------------
         Total | 100.0 | 100.0 |   0.0 |   0.0 |   0.0 | 186.2
       Dungeon | 100.0 | 100.0 |   0.0 |   0.0 |   0.0 | 186.2
               +-------+-------+-------+-------+-------+----------------------

Table legend:
 A = Kills in this place as a percentage of kills in entire the game.
 B = Kills by you in this place as a percentage of kills by you in the entire game.
 C = Kills by friends in this place as a percentage of kills by friends in the entire game.
 D = Other kills in this place as a percentage of other kills in the entire game.
 E = Experience gained in this place as a percentage of experience gained in the entire game.
 F = Experience gained in this place divided by the number of levels of this place that you have seen.
                   A       B       C       D       E      F
               +-------+-------+-------+-------+-------+----------------------
         Total | 100.0 | 100.0 |   N/A |   N/A | 100.0 | 140.0
       Dungeon | 100.0 | 100.0 |   N/A |   N/A | 100.0 | 140.0
               +-------+-------+-------+-------+-------+----------------------

Vault maps used:
D:1:      matt_arrival_spirals
D:3:      cheibrodos_old_hovel, lemuel_doored_altar
D:4:      minmay_temple_entry_glassed_door, serial_undead, serial_undead_d,
          serial_undead_b, serial_undead_a, serial_undead_b, serial_undead_b,
          serial_undead_c, serial_undead_b, serial_undead_f, serial_undead_e,
          serial_undead_f, grunt_dithmenos_shadows
D:5:      marbit_many_paths, first_ration, kennysheep_cross_room,
          serial_bayou_pond_e, uniq_eustachio, uniq_sigmund
D:6:      nemelex_xobeh_ov_fountains_minmay, tgw_trog
